 Dungeon Crawl Stone Soup version 0.31.0-9-g3a7656b989 (webtiles) character file.

Game seed: 11304243764421773910

1921770 Persephone the Slayer (level 23, 184/227 HPs)
             Began as a Minotaur Monk on Jan 22, 2024.
             Was the Champion of the Shining One.
             Escaped with the Orb
             ... and 3 runes
             ... and 1 gem on Jan 24, 2024!
             The game lasted 02:28:17 (52547 turns).

Persephone the Slayer (Minotaur Monk)              Turns: 52547, Time: 02:28:17

Health: 184/227    AC: 42    Str: 26    XL:     23   Next: 59%
Magic:  32/32      EV: 17    Int:  4    God:    the Shining One [******]
Gold:   1004       SH: 22    Dex: 18    Spells: 22/22 levels left

rFire   + + .        a - +9 trishula (holy)
rCold   + + +        j - +5 kite shield "Qeleseag" {rPois Int-3 Dex+2 Slay+5}
rNeg    + + +        O - +12 gold dragon scales
rPois   +            C - +2 hat
rElec   .            Z - scarf of Amarier {rC+ rF+, Regen+}
rCorr   +            (no gloves)
SInv    .            o - +2 pair of boots
Will    +++..        I - amulet of regeneration Stlth
                     K - ring "Jemeguiz" {Wiz ^Drain rC+++ rCorr}
HPRegen 2.17/turn    W - ring of Kenifel {^Drain rPois Will++ Dex+2}
MPRegen 0.23/turn

%: wizardry (x1)
@: hasted, glowing, very quick
A: horns 2, retaliatory headbutt, poison resistance, wild magic 1
0: Orb of Zot
}: 3/15 runes: decaying, silver, gossamer
a: Renounce Religion, Divine Shield, Cleansing Flame, Summon Divine Warrior


You escaped.
You worshipped the Shining One.
The Shining One was exalted by your worship.
You visited 10 branches of the dungeon, and saw 46 of its levels.
You also visited: Bailey, Gauntlet and Ice Cave.

You collected 5504 gold pieces.
You spent 4500 gold pieces at shops.

Inventory:

Hand Weapons
 a - a +9 trishula of holy wrath (weapon)
 c - a +9 trident of freezing
Missiles
 d - 11 boomerangs
 p - 3 throwing nets
 P - 8 javelins
Armour
 j - the +5 kite shield "Qeleseag" (worn) {rPois Int-3 Dex+2 Slay+5}
   (You bought it in a shop on level 3 of the Dungeon)

   Int-3:     It affects your intelligence (-3).
   Dex+2:     It affects your dexterity (+2).
   Slay+5:    It affects your accuracy & damage with ranged weapons and melee
   (+5).
   rPois:     It protects you from poison
 o - a +2 pair of boots (worn)
 C - a +2 hat (worn)
 O - +12 gold dragon scales (worn)
 Z - the scarf of Amarier (worn) {rC+ rF+, Regen+}
   (You bought it in a shop on level 2 of the Orcish Mines)

   Regen+:    It increases your rate of health regeneration.
Jewellery
 r - an amulet of reflection
 I - an amulet of regeneration (around neck)
 K - the ring "Jemeguiz" (left hand) {Wiz ^Drain rC+++ rCorr}
   (You found it on level 10 of the Dungeon)

   [ring of wizardry]

   Wiz:       It improves your spell success rate.
   rC+++:     It renders you almost immune to cold.
   rCorr:     It protects you from acid and corrosion.
   ^Drain:    It drains your maximum health when unequipped.
 W - the ring of Kenifel (right hand) {^Drain rPois Will++ Dex+2}
   (You found it on level 5 of the Lair of Beasts)

   [ring of poison resistance]

   Dex+2:     It affects your dexterity (+2).
   rPois:     It protects you from poison Will++: It greatly increases your
   willpower.
   ^Drain:    It drains your maximum health when unequipped.
Wands
 n - a wand of acid (7)
 s - a wand of flame (87)
 v - a wand of paralysis (31)
 A - a wand of polymorph (19)
 G - a wand of iceblast (44)
 M - a wand of digging (3)
 S - a wand of mindburst (4)
Scrolls
 e - a scroll of silence
 f - 18 scrolls of identify
 g - a scroll of enchant armour
 i - 5 scrolls of revelation
 l - 3 scrolls of fog
 q - 2 scrolls of noise
 z - 11 scrolls of teleportation
 H - 7 scrolls of poison
 L - 2 scrolls of fear
 N - 5 scrolls of amnesia
 V - 2 scrolls of enchant weapon
 Y - a scroll of brand weapon
Potions
 b - 6 potions of magic
 h - 6 potions of berserk rage
 k - 12 potions of lignification
 m - 2 potions of heal wounds
 t - 3 potions of enlightenment
 u - 5 potions of attraction
 B - 11 potions of degeneration
 D - 6 potions of cancellation
 E - 4 potions of might
 F - 3 potions of resistance
 J - 5 potions of mutation
 R - 12 potions of curing
 T - a potion of haste
 U - 7 potions of ambrosia
Miscellaneous
 w - a sack of spiders
 x - a condenser vane
 X - a phantom mirror (inert) (quivered)


   Skills:
 + Level 23.3 Fighting
 - Level 16.0 Polearms
 - Level 12.0 Throwing
 - Level 22.0 Armour
 - Level 22.0 Dodging
 - Level 22.0 Shields
 + Level 14.0 Invocations


You had 22 spell levels left.
You didn't know any spells.
Your spell library contained the following spells:

 Spells                   Type           Power      Damage    Failure   Level
 Apportation              Tloc           0%         N/A       96%         1
 Foxfire                  Conj/Fire      0%         2x1d4     96%         1
 Freeze                   Ice            0%         1d3       96%         1
 Shock                    Conj/Air       0%         1d3       96%         1
 Sting                    Conj/Alch      0%         1d3       96%         1
 Blink                    Tloc           0%         N/A       99%         2
 Call Imp                 Summ           0%         N/A       99%         2
 Cigotuvi's Dreadful Rot  Necr/Alch/Air  0%         N/A       99%         2
 Ensorcelled Hibernation  Hex/Ice        0%         N/A       99%         2
 Jinxbite                 Hex            0%         N/A       99%         2
 Lesser Beckoning         Tloc           0%         N/A       99%         2
 Momentum Strike          Conj/Tloc      0%         3d8       99%         2
 Scorch                   Fire           0%         2d5       99%         2
 Sublimation of Blood     Necr           0%         N/A       99%         2
 Call Canine Familiar     Summ           0%         N/A       100%        3
 Dazzling Flash           Conj/Hex       0%         N/A       100%        3
 Fugue of the Fallen      Necr           0%         N/A       100%        3
 Gell's Gravitas          Tloc           0%         N/A       100%        3
 Inner Flame              Hex/Fire       0%         N/A       100%        3
 Mephitic Cloud           Conj/Alch/Air  0%         N/A       100%        3
 Ozocubu's Armour         Ice            0%         N/A       100%        3
 Sigil of Binding         Hex            0%         N/A       100%        3
 Stone Arrow              Conj/Erth      0%         3d7       100%        3
 Summon Ice Beast         Ice/Summ       0%         N/A       100%        3
 Swiftness                Air            0%         N/A       100%        3
 Teleport Other           Tloc           0%         N/A       100%        3
 Tukima's Dance           Hex            0%         N/A       100%        3
 Volatile Blastmotes      Fire/Tloc      0%         2d10      100%        3
 Airstrike                Air            0%         2d(0-16)  100%        4
 Anguish                  Hex/Necr       0%         N/A       100%        4
 Animate Armour           Summ/Erth      0%         N/A       100%        4
 Dimensional Bullseye     Hex/Tloc       0%         N/A       100%        4
 Flame Wave               Conj/Fire      0%         2d4       100%        4
 Ignite Poison            Fire/Alch      0%         N/A       100%        4
 Iskenderun's Mystic Bla  Conj/Tloc      0%         2d3       100%        4
 Martyr's Knell           Necr/Summ      0%         N/A       100%        4
 Passage of Golubria      Tloc           0%         N/A       100%        4
 Sticky Flame             Fire/Alch      0%         2d4       100%        4
 Summon Blazeheart Golem  Fire/Summ      0%         N/A       100%        4
 Alistair's Intoxication  Alch           0%         N/A       100%        5
 Curse of Agony           Necr           0%         N/A       100%        5
 Freezing Cloud           Conj/Ice/Air   0%         6-21      100%        5
 Silence                  Hex/Air        0%         N/A       100%        5
 Yara's Violent Unravell  Hex/Alch       0%         3d3       100%        5
 Plasma Beam              Fire/Air       0%         2x1d10    100%        6
 Starburst                Conj/Fire      0%         6d3       100%        6
 Summon Cactus Giant      Summ           0%         N/A       100%        6
 Orb of Destruction       Conj           0%         9d5       100%        7
 Spellforged Servitor     Conj/Summ      0%         N/A       100%        7
 Summon Hydra             Summ           0%         N/A       100%        7
 Ignition                 Fire           0%         3d3       100%        8
 Lehudib's Crystal Spear  Conj/Erth      0%         10d2      100%        8
 Maxwell's Capacitive Co  Air            0%         ∞         100%        8
 Fire Storm               Conj/Fire      0%         5d1       100%        9
 Polar Vortex             Ice            0%         N/A       100%        9


Dungeon Overview and Level Annotations

Branches:
Dungeon (15/15)            Temple (0/1) D:6            Lair (5/5) D:8
  Swamp (4/4) Lair:3       Spider (4/4) Lair:2        Slime (0/5) Lair:4
    Orc (2/2) D:9             Elf (1/3) Orc:2        Vaults (5/5) D:14
  Crypt (1/3) Vaults:2     Depths (4/4) D:15            Zot (5/5) Depths:4
 Bailey (visited)           IceCv (visited)         Gauntlet (visited)

Altars:
Cheibriados
Elyvilon
Gozag
Makhleb
Okawaru
Qazlal
Trog
Uskayaw
Vehumet
Xom
Zin
The Shining One
Lugonu

Shops:
D:3 *   Orc:2 =![??   Elf:1 [   Vaults:1 (*=   Vaults:2 [   Vaults:3 [
Vaults:4 ?   Depths:1 :==

Portals:
Hell: Depths:1 Depths:2 Depths:3 Depths:4
Abyss: Depths:1 Depths:2 Depths:3
Pandemonium: Orc:2 Depths:2 Depths:3
Ziggurat: Depths:1

Annotations:
D:9 1 runed translucent door, freelancePsychic's ghost, novice VSNe
Swamp:2 exclusion: 2 lightning spires


Innate Abilities, Weirdness & Mutations

You have a pair of horns on your head.
You reflexively headbutt those who attack you in melee.
Your system is resistant to poisons. (rPois)
Your spells are a little harder to cast, but a little more powerful.


Message History

The Tzitzimitl calls on the powers of darkness!
Your body is wracked with pain!
There is a large open door here.
The Tzitzimitl calls on the powers of darkness!
Your body is wracked with pain!
You block the Tzitzimitl's attack. The Tzitzimitl misses you.
You impale the Tzitzimitl!!
The Tzitzimitl convulses.
Your headbutt misses the Tzitzimitl.
The Tzitzimitl is moderately wounded.
You puncture the Tzitzimitl!
The Tzitzimitl convulses.
Your headbutt misses the Tzitzimitl.
The Tzitzimitl is moderately wounded.
The Tzitzimitl closely misses you. x2
You hit the Tzitzimitl.
The Tzitzimitl convulses.
Your headbutt misses the Tzitzimitl.
The Tzitzimitl is moderately wounded.
You feel much better. You block the Tzitzimitl's attack.
The Tzitzimitl bites you but does no damage.
A ynoxinul comes into view.
You completely miss the Tzitzimitl. You headbutt the Tzitzimitl!
The Tzitzimitl is heavily wounded.
The Tzitzimitl gestures at you.
The bolt of negative energy hits you but does no damage.
You resist.
The ynoxinul gestures.
You stick the Tzitzimitl like a pincushion!!!
The Tzitzimitl convulses!!!
You kill the Tzitzimitl!
The Shining One accepts your kill.
You feel better.
Your Invocations skill increases to level 14!
You feel yourself speed up.
The ynoxinul gestures.
The ynoxinul gestures.
You enter the shallow water.
Moving in this stuff is going to be slow.
There is a large open door here.
There is a large open door here.
There is a staircase leading out of the dungeon here.
You have escaped!

#.~..8..........8..~##.# #.#.# #.
#.~.##############.~##.# #...###.
#.~8#~~~~~#.≈≈.#.#8~##.# ##....#.
#.~.#~.5.~#.≈≈.#.#.~...# ##...).
#.~.#~.#.~#§≈§.#.#.~.### ##....
#.~8#~.#5~#§≈≈.#.#.~.# #....
#.~.#~.#.~#.≈≈.#.#.~.# #...#
#...'5.#.5'....'.#.~.# #...#
#...'5.#..5.5..'@#.~.# #...#
#.~5#~.#.~#.≈≈.#.#.~.# #...#
#3~8#~.#.~#.≈≈.#.#.~.# #...#
#555#~.#.~#.§≈.#.#.~.########...#
#.~5#~...~#.≈≈.#.#.~.............
#.~8#~~~~~#.≈≈.#.#8~#############
#.~.##############.~#
#.~..8..........8..~# ##
#.~~~~~≈~~~~~~~~~~~~# #.


You could see 3 ufetubi.

Vanquished Creatures
  3 orbs of fire (Zot:5)
  2 ancient liches (Zot:5)
  Sojobo (Vaults:2)
  4 Killer Klowns (Zot:5)
  Nikola (Depths:1)
  5 golden dragons
  The ghost of Vailuoroe the Devastator, a veteran GrEE of Lugonu (Crypt:1)
  Norris (Vaults:2)
  A Tzitzimitl (D:1)
  A bone dragon (Swamp:4)
  The ghost of Lianjan the Timeless, an adept GnWr of Cheibriados (Vaults:4)
  A Brimstone Fiend (D:12)
  An electric golem (Zot:5)
  Jorgrun (D:14)
  Mlioglotl (Swamp:2)
  23 Orb Guardians
  An Ice Fiend (Depths:4)
  A walking crystal tome (Depths:3)
  10 tentacled monstrosities
  A titan (Depths:3)
  4 liches
  3 quicksilver dragons
  A death cob (Zot:5)
  5 sphinxes
  4 tengu reavers
  The ghost of Matygoc the Slicer, an adept HaSk of Okawaru (Swamp:3)
  4 storm dragons
  2 shadow dragons (Depths:4)
  A protean progenitor (Zot:4)
  2 draconian knights
  3 fire giants
  2 draconian monks
  A fenstrider witch (Swamp:1)
  2 iron dragons
  2 ghost moths
  Louise (Elf:1)
  15 vault wardens
  A balrug (Gauntlet)
  3 deep elf sorcerers
  3 emperor scorpions
  4 frost giants
  3 draconian scorchers
  2 orc warlords
  A ghoul (Swamp:4)
  A spriggan defender (Depths:3)
  17 ironbound preservers
  2 broodmothers
  4 vampire knights
  2 formless jellyfish
  7 stone giants
  9 ironbound thunderhulks
  9 very ugly things
  Nessos (Lair:3)
  4 green draconians
  3 deep elf death magi
  2 eleionomae
  A minotaur (Gauntlet)
  A deep elf annihilator (Vaults:3)
  4 dire elephants (Vaults:3)
  A red draconian (Zot:2)
  3 black draconians
  2 war gargoyles
  3 bunyips
  2 purple draconians
  2 lorocyprocas
  5 spark wasps
  4 yellow draconians
  5 white draconians
  An eidolon (Vaults:2)
  Snorg (D:12)
  2 crystal guardians
  5 ettins
  2 fire dragons
  12 yaktaur captains
  7 ice dragons
  A deep elf high priest (Vaults:5)
  6 entropy weavers
  12 jiangshi (Crypt:1)
  3 rakshasas
  28 vault guards
  A demonspawn (Orc:2)
  5 great orbs of eyes
  2 spriggan air magi (Depths:3)
  7 hydras
  2 peacekeepers
  4 alligators
  An ogre mage (D:9)
  8 ironbound frosthearts
  A death knight (Crypt:1)
  A catoblepas (Lair:5)
  A radroach (Spider:4)
  7 boulder beetles
  Erica (D:8)
  3 jorogumos
  4 dancing weapons (Elf:1)
  17 centaur warriors
  8 demonic crawlers
  7 tengu warriors
  3 two-headed ogres
  7 deep troll shamans
  3 deep troll earth magi
  4 vampire magi (Crypt:1)
  9 orc high priests (Orc:2)
  4 hell hogs
  An occultist (Depths:2)
  A spriggan berserker (Depths:3)
  Urug (D:13)
  5 death yaks (Lair:5)
  Sonja (Lair:1)
  7 spriggans
  2 soul eaters
  A sun demon (D:15)
  5 pharaoh ants
  5 iron trolls
  5 skysharks
  6 deep elf knights (Elf:1)
  Nergalle (Lair:2)
  A salamander mystic (Depths:1)
  2 sixfirhies
  10 skeletal warriors (D:15)
  8 large abominations (Depths:1)
  The ghost of Jaukkuri the Fighter, a novice TrFi (D:6)
  A deep troll (shapeshifter) (Vaults:5)
  9 spriggan druids
  A flayed ghost (Crypt:1)
  5 deep elf archers (Elf:1)
  7 orb spiders
  44 deep trolls
  2 glowing orange brains
  2 swamp dragons
  5 bog bodies
  9 arcanists
  6 goliath frogs
  A bunyip skeleton (Crypt:1)
  A spectral hydra (Swamp:4)
  14 lindwurms
  2 phantasmal warriors
  4 necromancers
  17 deep elf pyromancers
  6 deep elf zephyrmancers (Elf:1)
  8 steelbarb worms
  13 wolf spiders
  15 orc knights
  A shining eye (shapeshifter) (Vaults:5)
  11 ironbound convokers
  3 cyclopes
  9 manticores
  37 ugly things
  4 orc sorcerers (Orc:2)
  6 will-o-the-wisps
  2 salamanders (Depths:1)
  An ice statue (IceCv)
  10 elephants
  4 meliai (Spider:4)
  A frost giant skeleton (Crypt:1)
  9 moths of wrath
  8 kobold blastminers (Orc:2)
  20 vault sentinels
  Joseph (D:7)
  2 black mambas
  3 torpor snails (Spider:4)
  Maggie (D:6)
  27 cane toads
  A tormentor (Depths:2)
  6 rime drakes
  7 freezing wraiths
  3 anaconda simulacra (IceCv)
  An efreet (D:9)
  3 unseen horrors
  3 swamp worm zombies (Swamp:4)
  38 yaktaurs
  13 komodo dragons
  14 ice devils
  A yaktaur skeleton (Vaults:4)
  An unseen horror skeleton (Crypt:1)
  A queen bee (Lair:2)
  A hellwing (Orc:2)
  7 hornets
  A merfolk (shapeshifter) (Depths:3)
  2 burning bushes (Lair:3)
  5 trolls
  8 tyrant leeches
  3 polar bears
  17 blink frogs
  18 tarantellas
  A hornet (shapeshifter) (D:15)
  A fire giant simulacrum (Vaults:4)
  A human skeleton (Vaults:4)
  Sigmund (D:3)
  3 centaur simulacra
  23 slime creatures
  2 culicivoras
  2 water elementals
  16 jumping spiders
  A yak (shapeshifter) (D:9)
  A ynoxinul (Orc:2)
  3 small abominations (Depths:1)
  7 wyverns
  4 vampires
  2 shadows
  A dire elephant simulacrum (IceCv)
  6 wraiths
  A tyrant leech zombie (Swamp:4)
  69 yaks
  A fire elemental (Depths:1)
  4 steam dragons
  9 basilisks
  A neqoxec (Gauntlet)
  3 death yak simulacra (IceCv)
  43 redbacks
  17 vampire mosquitoes
  6 chaos spawn
  A warg (Orc:1)
  3 harpy simulacra (IceCv)
  Menkaure (D:7)
  13 swamp worms
  17 water moccasins
  2 acid dragons
  A deep troll skeleton (Crypt:1)
  2 hell hounds (Gauntlet)
  Duvessa (D:4)
  39 orc warriors
  7 black bears
  2 sky beasts
  A laughing skull (D:15)
  4 ogres
  A swamp dragon zombie (Swamp:4)
  2 boggarts (Elf:1)
  15 wolves
  12 centaurs
  6 kobold brigands
  15 bullfrogs
  5 scorpions
  A draconian skeleton (Crypt:1)
  A two-headed ogre simulacrum (IceCv)
  16 wights
  Dowan (D:4)
  3 elephant simulacra (IceCv)
  30 killer bees
  5 howler monkeys
  3 electric eels
  3 jellies
  5 bombardier beetles
  2 hounds (D:5)
  Crazy Yiuf (D:2)
  23 orc priests
  A gnoll bouda (D:5)
  4 iguanas
  A sleepcap (D:4)
  15 orc wizards
  2 spriggan simulacra (IceCv)
  6 polar bear simulacra (IceCv)
  8 wolf simulacra (IceCv)
  2 tengu zombies (Crypt:1)
  13 adders
  A naga simulacrum (IceCv)
  A shadow imp (D:8)
  13 white imps
  An ufetubus (IceCv)
  A dart slug (D:5)
  4 ribbon worms
  79 orcs
  11 bats
  7 endoplasms
  2 giant cockroaches
  11 goblins
  15 hobgoblins
  7 jackals
  4 quokkas
  11 ball pythons
  3 frilled lizards
  28 kobolds
  4 rats
1692 creatures vanquished.

Vanquished Creatures (collateral kills)
  2 dread liches (Zot:5)
  An ancient lich (Zot:5)
  Boris (Vaults:2)
  3 Orb Guardians (Zot:5)
  A tentacled monstrosity (Swamp:3)
  A quicksilver dragon (Zot:5)
  A sphinx (Vaults:5)
  A shadow dragon (Vaults:5)
  A tengu reaver (Vaults:2)
  A storm dragon (Zot:5)
  Agnes (Spider:2)
  A draconian knight (Depths:4)
  An ironbound preserver (Vaults:4)
  A ghost moth (Zot:5)
  A stone giant (Vaults:5)
  2 very ugly things (Depths:1)
  A red draconian (Depths:4)
  2 bunyips
  A war gargoyle (Vaults:2)
  A deep elf annihilator (Vaults:5)
  A spark wasp (Spider:2)
  A fire dragon (Depths:4)
  4 vault guards (Vaults:5)
  An entropy weaver (Spider:2)
  A yaktaur captain (Vaults:4)
  A spriggan air mage (Swamp:3)
  An ironbound frostheart (Vaults:4)
  A demonic crawler (Spider:2)
  An arcanist (Vaults:3)
  2 bog bodies (Swamp:4)
  2 spectral alligators (Swamp:4)
  A phantasmal warrior (Vaults:5)
  3 deep trolls (Depths:4)
  An ironbound convoker (Vaults:5)
  2 orc knights (Vaults:5)
  3 spectral hydras (Swamp:4)
  An ugly thing (Depths:1)
  2 alligator zombies (Swamp:4)
  A moth of wrath (Spider:2)
  A vault sentinel (Vaults:5)
  2 swamp worm zombies (Swamp:4)
  2 yaktaurs (Vaults:4)
  3 hydra zombies (Swamp:4)
  A tyrant leech (Swamp:2)
  A spectral swamp dragon (Swamp:4)
  3 slime creatures (D:13)
  2 jumping spiders (Spider:2)
  2 culicivoras (Spider:2)
  2 tyrant leech zombies (Swamp:4)
  4 redbacks (Spider:2)
  4 vampire mosquitoes
  A swamp worm (Swamp:2)
  2 orc warriors (Vaults:5)
  3 swamp dragon zombies (Swamp:4)
  A phantom (Swamp:4)
  4 orcs (Vaults:5)
93 creatures vanquished.

Vanquished Creatures (others)
  A stone giant (Depths:4)
  A deep elf zephyrmancer (Elf:1)
  2 bloated husks (Swamp:2)
  A tarantella (Spider:1)
  An orc warrior (Vaults:5)
  34 foxfires
40 creatures vanquished.

Grand Total: 1825 creatures vanquished

Notes
Turn   | Place    | Note
-------+----------+-------------------------------------------
     0 | D:1      | Persephone the Minotaur Monk began the quest for the Orb.
     0 | D:1      | Reached XP level 1. HP: 19/19 MP: 0/0
   169 | D:1      | Reached XP level 2. HP: 27/27 MP: 1/1
   215 | D:1      | Reached skill level 4 in Fighting
   349 | D:1      | Reached XP level 3. HP: 33/33 MP: 2/2
   966 | D:2      | Found a faded altar of an unknown god.
  1114 | D:2      | Reached XP level 4. HP: 40/41 MP: 3/3
  1517 | D:2      | Found a runed translucent door.
  1519 | D:2      | Noticed Crazy Yiuf
  1529 | D:2      | Killed Crazy Yiuf
  1833 | D:3      | Reached skill level 5 in Fighting
  1853 | D:3      | Reached skill level 5 in Polearms
  1853 | D:3      | Reached XP level 5. HP: 48/48 MP: 4/4
  1874 | D:3      | Noticed Sigmund
  1908 | D:3      | Killed Sigmund
  1909 | D:3      | Reached XP level 6. HP: 56/56 MP: 5/5
  2345 | D:3      | Found Viecydgh's General Store.
  2751 | D:4      | Noticed Dowan
  2752 | D:4      | Noticed Duvessa
  2780 | D:4      | Killed Duvessa
  2781 | D:4      | Reached XP level 7. HP: 30/61 MP: 3/6
  2788 | D:4      | HP: 1/61 [Dowan/stone arrow (9)]
  2789 | D:4      | Killed Dowan
  3029 | D:4      | Identified the +2 pair of gloves of Amelioration {-Tele
                  | rPois rC+++}
  3229 | D:5      | Entered Level 5 of the Dungeon
  3304 | D:5      | Reached skill level 10 in Polearms
  3365 | D:5      | Found a glowing golden altar of the Shining One.
  3417 | D:5      | Found an iron altar of Okawaru.
  3535 | D:5      | Reached XP level 8. HP: 63/68 MP: 7/7
  3932 | D:5      | Found a bloodstained altar of Trog.
  4192 | D:5      | Became a worshipper of the Shining One
  4192 | D:5      | Reached * piety under the Shining One
  4192 | D:5      | Reached ** piety under the Shining One
  4354 | D:6      | Found a runed translucent gate.
  4354 | D:6      | Found a runed translucent gate.
  4360 | D:6      | Found a runed translucent gate.
  4360 | D:6      | Found an opulent altar of Gozag.
  4371 | D:6      | Noticed Jaukkuri's ghost (novice TrFi)
  4371 | D:6      | Noticed a troll
  4656 | D:6      | Found a staircase to the Ecumenical Temple.
  4656 | D:6      | Noticed Maggie
  4667 | D:6      | Killed Maggie
  4693 | D:6      | Reached XP level 9. HP: 74/74 MP: 8/8
  5198 | D:7      | Noticed Menkaure
  5198 | D:7      | Found a radiant altar of Vehumet.
  5206 | D:7      | Killed Menkaure
  5207 | D:7      | Noticed a troll
  5220 | D:7      | Killed a troll
  5269 | D:7      | Found a snail-covered altar of Cheibriados.
  5337 | D:7      | Reached skill level 15 in Polearms
  5354 | D:7      | Reached *** piety under the Shining One
  5491 | D:7      | Reached skill level 1 in Armour
  5722 | D:7      | Noticed Joseph
  5733 | D:7      | Killed Joseph
  5734 | D:7      | Reached skill level 1 in Throwing
  5734 | D:7      | Reached skill level 1 in Invocations
  5734 | D:7      | Reached XP level 10. HP: 58/81 MP: 5/9
  6030 | D:7      | Identified a scroll of acquirement
  6031 | D:7      | Acquired the ring "Kaughim" {rF+ rCorr}
  6171 | D:8      | Reached skill level 5 in Dodging
  6218 | D:8      | Noticed Erica
  6232 | D:8      | Killed Erica
  6233 | D:8      | Reached skill level 6 in Fighting
  6511 | D:8      | Found a staircase to the Lair.
  6511 | D:8      | Noticed an elephant
  6517 | D:8      | Killed an elephant
  6661 | D:9      | Identified the +3 ring mail of Fawuos {rPois rN+}
  6673 | D:9      | Noticed an ogre mage
  6673 | D:9      | Noticed a centaur warrior
  6688 | D:9      | Found a runed translucent door.
  6688 | D:9      | Found a shimmering altar of Xom.
  6688 | D:9      | Noticed freelancePsychic's ghost (novice VSNe)
  6691 | D:9      | Noticed a +2 long sword of chaos
  6697 | D:9      | Noticed a two-headed ogre
  6698 | D:9      | Noticed a boulder beetle
  6706 | D:9      | Killed a two-headed ogre
  6712 | D:9      | Noticed a two-headed ogre
  6716 | D:9      | Killed a boulder beetle
  6717 | D:9      | Reached XP level 11. HP: 64/91 MP: 7/13
  6719 | D:9      | Reached skill level 5 in Throwing
  6726 | D:9      | Killed a two-headed ogre
  6727 | D:9      | Reached skill level 7 in Fighting
  6727 | D:9      | Reached skill level 5 in Invocations
  6829 | D:9      | Found a flagged portal.
  6838 | Bailey   | Entered a bailey
  7106 | Bailey   | Noticed an orc knight
  7119 | Bailey   | Killed an orc knight
  7119 | Bailey   | Noticed an orc knight
  7130 | Bailey   | Killed an orc knight
  7131 | Bailey   | Reached skill level 5 in Armour
  7302 | D:9      | Found a staircase to the Orcish Mines.
  7597 | D:9      | Noticed a rakshasa
  7598 | D:9      | Found a runed translucent door.
  7601 | D:9      | Noticed a wolf spider
  7710 | D:9      | Reached skill level 8 in Fighting
  7742 | D:9      | Identified the +7 dagger of Wisdom {venom, Str+4}
  7752 | D:9      | Found a stormy altar of Qazlal.
  7758 | D:9      | Found a white marble altar of Elyvilon.
  8376 | D:3      | Bought the +5 kite shield "Qeleseag" {rPois Int-3 Dex+2
                  | Slay+5} for 596 gold pieces
  8503 | D:9      | Noticed a harpy
  8521 | D:10     | Entered Level 10 of the Dungeon
  8657 | D:10     | Reached **** piety under the Shining One
  8841 | D:10     | Reached skill level 9 in Fighting
  9163 | D:10     | Noticed a six-headed hydra
  9163 | D:10     | Noticed a boulder beetle
  9164 | D:10     | Noticed an orc knight
  9174 | D:10     | Killed a six-headed hydra
  9175 | D:10     | Reached skill level 1 in Shields
  9175 | D:10     | Reached XP level 12. HP: 71/104 MP: 6/15
  9186 | D:10     | Identified the ring "Fahit" {rC++ rN++ rCorr Str-5}
  9186 | D:10     | Noticed a centaur warrior
  9188 | D:10     | Killed a boulder beetle
  9193 | D:10     | Killed a centaur warrior
  9224 | D:10     | Noticed a boulder beetle
  9235 | D:10     | Killed a boulder beetle
  9372 | D:10     | Identified the ring "Jemeguiz" {Wiz ^Drain rC+++ rCorr}
  9375 | D:10     | Identified the ring of Wogoacs {Str+5 Int+2 Dex+6}
  9384 | D:10     | Identified the ring of Caigisch {Fly rN+ MP-9 Slay+3}
 10513 | Lair:1   | Entered Level 1 of the Lair of Beasts
 10517 | Lair:1   | Reached skill level 10 in Fighting
 10941 | Lair:1   | Reached skill level 5 in Shields
 11181 | Lair:1   | Noticed Sonja
 11191 | Lair:1   | Killed Sonja
 11638 | Lair:2   | Reached skill level 11 in Fighting
 11708 | Lair:2   | Reached skill level 10 in Dodging
 11879 | Lair:2   | Reached XP level 13. HP: 116/116 MP: 7/16
 12053 | Lair:2   | Noticed Nergalle
 12059 | Lair:2   | Killed Nergalle
 12060 | Lair:2   | Reached skill level 10 in Armour
 12179 | Lair:2   | Found a hole to the Spider Nest.
 12767 | Lair:2   | You are sucked into a shaft and drop 2 floors!
 12767 | Lair:4   | Found a staircase to the Slime Pits.
 12863 | Lair:4   | Reached ***** piety under the Shining One
 12864 | Lair:4   | Found a gate leading to a gauntlet.
 12885 | Gauntlet | Entered a Gauntlet
 12885 | Gauntlet | Found a transporter.
 12885 | Gauntlet | Found a transporter.
 12890 | Gauntlet | Found a transporter.
 12890 | Gauntlet | Found a transporter.
 12902 | Gauntlet | Found a transporter.
 12906 | Gauntlet | Found a large runed translucent door.
 12908 | Gauntlet | Found a transporter.
 12908 | Gauntlet | Found a large runed translucent door.
 12910 | Gauntlet | Found a runed translucent gate.
 12912 | Gauntlet | Found a transporter.
 12912 | Gauntlet | Found a runed translucent gate.
 12916 | Gauntlet | Found a transporter.
 12924 | Gauntlet | Found a runed translucent gate.
 12924 | Gauntlet | Noticed a balrug
 12926 | Gauntlet | Found a large runed translucent door.
 12928 | Gauntlet | Found a large runed translucent door.
 12940 | Gauntlet | Found a large runed translucent door.
 12942 | Gauntlet | Found a large runed translucent door.
 12942 | Gauntlet | Found a large runed translucent door.
 12942 | Gauntlet | Found a large runed translucent door.
 12950 | Gauntlet | Found a transporter.
 12953 | Gauntlet | Found a large runed translucent door.
 12953 | Gauntlet | Found a large runed translucent door.
 12953 | Gauntlet | Found a runed translucent door.
 12953 | Gauntlet | Found a runed translucent door.
 12955 | Gauntlet | Found a large runed translucent door.
 12958 | Gauntlet | Found a large runed translucent door.
 12960 | Gauntlet | Found a transporter.
 12986 | Gauntlet | Found a transporter.
 13000 | Gauntlet | Found a transporter.
 13040 | Gauntlet | Found a transporter.
 13060 | Gauntlet | Found a transporter.
 13156 | Gauntlet | Found a transporter.
 13170 | Gauntlet | Found a transporter.
 13186 | Gauntlet | Found a large runed translucent door.
 13188 | Gauntlet | Found a large runed translucent door.
 13189 | Gauntlet | Found a large runed translucent door.
 13191 | Gauntlet | Found a large runed translucent door.
 13390 | Gauntlet | Killed a balrug
 13414 | Gauntlet | Identified the ring "Huimaos" {rElec Will- rCorr Int+6}
 13489 | Gauntlet | Noticed a minotaur
 13497 | Gauntlet | Killed a minotaur
 13501 | Gauntlet | Identified the +0 robe of Lugonu's Regard {rF- rN+++ rCorr
                  | Str-3}
 13502 | Gauntlet | Got the Discursus on Production and the Curse
 13572 | Lair:4   | Reached skill level 10 in Shields
 14993 | Lair:3   | Reached XP level 14. HP: 124/124 MP: 9/18
 15033 | Lair:3   | Found a frozen archway.
 15033 | Lair:3   | Noticed Nessos
 15046 | Lair:3   | Killed Nessos
 15067 | IceCv    | Entered an ice cave
 15090 | IceCv    | Reached ****** piety under the Shining One
 15260 | IceCv    | Found an ancient bone altar of Kikubaaqudgha.
 15377 | IceCv    | Got the Parchment of Freezing
 16240 | Lair:3   | Found a staircase to the Swamp.
 16786 | Lair:5   | Entered Level 5 of the Lair of Beasts
 17046 | Lair:5   | Reached skill level 10 in Throwing
 17081 | Lair:5   | Reached skill level 10 in Invocations
 17112 | Lair:5   | Acquired the +3 warlock's mirror {omnireflect}
 17112 | Lair:5   | Found the +3 warlock's mirror {omnireflect}
 17867 | Lair:5   | Identified the ring of Kenifel {^Drain rPois Will++ Dex+2}
 18055 | Lair:5   | Reached XP level 15. HP: 62/129 MP: 4/22
 18907 | Orc:1    | Entered Level 1 of the Orcish Mines
 19085 | Orc:1    | Found a dark tunnel.
 19405 | Orc:2    | Entered Level 2 of the Orcish Mines
 19458 | Orc:2    | Found a staircase to the Elven Halls.
 19828 | Orc:2    | Found Empuhis's Distillery.
 19909 | Orc:2    | Found Dyzuuk Xiot's Magic Scroll Shop.
 20432 | Orc:2    | Found Uhaury's Magic Scroll Shop.
 20857 | Orc:2    | Found Fatynn's Jewellery Shoppe.
 20857 | Orc:2    | Found Rosmy's Antique Armour Emporium.
 20859 | Orc:2    | Found a one-way gate leading to the halls of Pandemonium.
 20865 | Orc:2    | Bought a crude scarf for 290 gold pieces
 20865 | Orc:2    | Identified the scarf of Amarier {rC+ rF+, Regen+} (You
                  | bought it in a shop on level 2 of the Orcish Mines)
 20912 | Orc:2    | Bought a scroll of blinking for 112 gold pieces
 20912 | Orc:2    | Bought a scroll of teleportation for 45 gold pieces
 20912 | Orc:2    | Bought a scroll of blinking for 112 gold pieces
 20950 | Orc:2    | Bought an amulet of regeneration for 480 gold pieces
 21163 | D:12     | Found a white marble altar of Elyvilon.
 21340 | D:12     | Noticed Snorg
 21347 | D:12     | Killed Snorg
 21938 | D:13     | Noticed Urug
 21954 | D:13     | Killed Urug
 22595 | Swamp:1  | Entered Level 1 of the Swamp
 22679 | Swamp:1  | Reached skill level 12 in Fighting
 23247 | Swamp:1  | Reached XP level 16. HP: 84/140 MP: 24/24
 23514 | Swamp:2  | Noticed Mlioglotl
 23526 | Swamp:2  | Killed Mlioglotl
 23741 | Swamp:2  | You fall into a shaft and drop 1 floor!
 24217 | Swamp:2  | Upgraded the game from 0.31.0-4-g52a2dc7128 to
                  | 0.31.0-7-gf635a9b802
 24356 | Swamp:3  | Reached skill level 13 in Fighting
 24507 | Swamp:3  | Found a runed translucent door.
 24507 | Swamp:3  | Noticed Matygoc's ghost (adept HaSk)
 24507 | Swamp:3  | Identified the +6 trident "Geosu" {distort, rPois}
 24575 | Swamp:3  | Noticed a tentacled monstrosity
 24726 | Swamp:3  | Identified the +3 leather armour of Jaygimn {Harm}
 24837 | Swamp:4  | Entered Level 4 of the Swamp
 24837 | Swamp:4  | Noticed a tentacled monstrosity
 24848 | Swamp:4  | Killed a tentacled monstrosity
 25001 | Swamp:4  | Noticed a bone dragon
 25019 | Swamp:4  | Killed a bone dragon
 25025 | Swamp:4  | Got a decaying rune of Zot
 25176 | Spider:1 | Entered Level 1 of the Spider Nest
 25519 | Spider:1 | Reached skill level 14 in Fighting
 26085 | Spider:2 | Noticed Agnes
 26096 | Spider:2 | Killed Agnes
 26104 | Spider:2 | Reached XP level 17. HP: 94/152 MP: 18/25
 27976 | Spider:4 | Entered Level 4 of the Spider Nest
 28077 | Spider:4 | Reached skill level 15 in Fighting
 28077 | Spider:4 | Reached skill level 15 in Armour
 28094 | Spider:4 | Reached skill level 15 in Shields
 28710 | Spider:4 | HP: 3/156 [radroach (54)]
 28725 | Spider:3 | Gained mutation: Your health recovers twice as slowly from
                  | being drained. [mutagenic glow]
 29004 | Spider:4 | Got a gossamer rune of Zot
 29510 | D:14     | Noticed Jorgrun
 29524 | D:14     | Killed Jorgrun
 29629 | D:14     | Reached skill level 15 in Dodging
 29657 | D:14     | Identified the +6 dagger "Luffohug" {flame, SInv}
 29760 | D:14     | Found a gate to the Vaults.
 30089 | Vaults:1 | Entered Level 1 of the Vaults
 30101 | Vaults:1 | Reached XP level 18. HP: 166/166 MP: 23/26
 30426 | Vaults:1 | Found Gukk's Antique Weapon Emporium.
 30463 | Vaults:1 | Reached skill level 16 in Fighting
 30529 | Vaults:1 | Found Hoavvy's General Store.
 30824 | Vaults:1 | Found Nownethe's Jewellery Shop.
 31584 | Vaults:1 | Bought a scroll of blinking for 105 gold pieces
 31677 | Vaults:2 | Found a staircase to the Crypt.
 31821 | Vaults:2 | Noticed Sojobo
 31842 | Vaults:2 | Paralysed by an air elemental for 1 turns
 31863 | Vaults:2 | Paralysed by an air elemental for 1 turns
 31871 | Vaults:2 | Paralysed by an air elemental for 1 turns
 31874 | Vaults:2 | Killed Sojobo
 32157 | Vaults:2 | You fall into a shaft and drop 1 floor!
 32239 | Vaults:2 | Reached skill level 17 in Fighting
 32453 | Vaults:2 | Found Ihoothr Zoewa's Antique Armour Shop.
 32773 | Vaults:2 | Noticed Norris
 32785 | Vaults:2 | Noticed Boris
 33047 | Vaults:2 | Killed Boris
 33048 | Vaults:2 | Reached XP level 19. HP: 80/177 MP: 19/27
 33371 | Vaults:2 | Killed Norris
 34007 | Elf:1    | Entered Level 1 of the Elven Halls
 34041 | Elf:1    | Noticed Louise
 34076 | Elf:1    | Killed Louise
 34451 | Elf:1    | Identified the +6 war axe "Peijy" {protect, Dex+2}
 34637 | Elf:1    | Identified the +0 long sword "Yhiamauc" {elec, rC+ Int-3
                  | Dex+7 SInv}
 34638 | Elf:1    | Identified the +8 spear "Toener" {flame, +Blink rF++
                  | Stlth-}
 34745 | Elf:1    | Found Zusawe's Antique Armour Emporium.
 34832 | Elf:1    | Paralysed by an air elemental for 1 turns
 36341 | Vaults:3 | Reached skill level 18 in Fighting
 37030 | D:6      | Killed Jaukkuri's ghost
 37943 | Vaults:3 | Found Naxzarhy's Antique Armour Shoppe.
 38496 | Crypt:1  | Entered Level 1 of the Crypt
 38600 | Crypt:1  | Found a runed translucent door.
 39209 | Crypt:1  | Got the Guidebook on the Luminous Tundra
 39222 | Crypt:1  | Reached XP level 20. HP: 187/189 MP: 28/28
 39224 | Crypt:1  | Identified a +5 trishula of holy wrath (a +3 demon trident
                  | of electrocution blessed by the Shining One)
 39224 | Crypt:1  | Received a gift from the Shining One
 39258 | Crypt:1  | Found a burning altar of Makhleb.
 39421 | Crypt:1  | Noticed Vailuoroe's ghost (veteran GrEE)
 39495 | Crypt:1  | Killed Vailuoroe's ghost
 39507 | Crypt:1  | Upgraded the game from 0.31.0-7-gf635a9b802 to
                  | 0.31.0-9-g3a7656b989
 40107 | Vaults:4 | Reached skill level 19 in Fighting
 40212 | Vaults:4 | Found a runed translucent door.
 40212 | Vaults:4 | Noticed Lianjan's ghost (adept GnWr)
 40724 | Vaults:4 | Found Tecack's Magic Scroll Shop.
 40968 | Vaults:4 | Killed Lianjan's ghost
 41023 | Vaults:5 | Entered Level 5 of the Vaults
 41317 | Vaults:5 | Found the +7 captain's cutlass {speed, disarm}
 41335 | Vaults:5 | Got a silver rune of Zot
 41406 | Vaults:5 | Gained mutation: Your flesh is cold resistant. (rC+) [a
                  | shining eye]
 41443 | Vaults:5 | Reached XP level 21. HP: 190/200 MP: 24/29
 41638 | Vaults:5 | Reached skill level 20 in Fighting
 41986 | Vaults:2 | Bought shiny gold dragon scales for 2573 gold pieces
 42562 | D:15     | Entered Level 15 of the Dungeon
 42995 | D:15     | Found a staircase to the Depths.
 44028 | Elf:1    | Bought a pair of gloves for 130 gold pieces
 44254 | Depths:1 | Entered Level 1 of the Depths
 44307 | Depths:1 | Found a gateway to Hell.
 44313 | Depths:1 | Found a one-way gateway to a ziggurat.
 44494 | Depths:1 | Noticed Nikola
 44521 | Depths:1 | Killed Nikola
 44676 | Depths:1 | Found a one-way gate to the infinite horrors of the Abyss.
 45048 | Depths:1 | Found a hide-covered altar of Uskayaw.
 45149 | Depths:1 | Found a glowing silver altar of Zin.
 45281 | Depths:1 | Found Heciwe's Book Shoppe.
 45281 | Depths:1 | Found Ogeiwosm's Jewellery Shop.
 45284 | Depths:1 | Found Bulil's Jewellery Shop.
 46650 | Depths:3 | Found a stormy altar of Qazlal.
 46746 | Depths:3 | Identified the +13 chain mail of Baldness {rPois Stlth+}
 47020 | Depths:3 | Reached skill level 21 in Fighting
 47302 | Depths:3 | Reached XP level 22. HP: 207/213 MP: 30/30
 47319 | Depths:3 | Got Icwaitz's Directory of Wounds and Calefaction
 47351 | Depths:3 | Identified the staff of Brawling {rElec rC++ MP+9 Air}
 47550 | Depths:3 | Identified the +6 short sword "Wied" {pain, rN+ Int+3}
 47588 | Depths:3 | Noticed a golden dragon
 47597 | Depths:3 | Killed a golden dragon
 47679 | Depths:4 | Entered Level 4 of the Depths
 47799 | Depths:4 | Found a corrupted altar of Lugonu.
 47874 | Depths:4 | Noticed a golden dragon
 48019 | Depths:4 | Killed a golden dragon
 48394 | Depths:4 | Found a gate to the Realm of Zot.
 48905 | Swamp:3  | Killed Matygoc's ghost
 49433 | Vaults:4 | Bought a scroll of teleportation for 57 gold pieces
 49789 | Zot:1    | Entered Level 1 of the Realm of Zot
 49989 | Zot:2    | Noticed a golden dragon
 49998 | Zot:2    | Noticed a golden dragon
 50003 | Zot:2    | Killed a golden dragon
 50012 | Zot:2    | Killed a golden dragon
 50203 | Zot:5    | Entered Level 5 of the Realm of Zot
 50280 | Zot:5    | Noticed a golden dragon
 50311 | Zot:5    | Killed a golden dragon
 50472 | Zot:5    | Reached skill level 22 in Fighting
 50523 | Zot:5    | Noticed an ancient lich
 50523 | Zot:5    | Noticed a Killer Klown
 50523 | Zot:5    | Noticed a Killer Klown
 50523 | Zot:5    | Noticed a Killer Klown
 50523 | Zot:5    | Noticed an orb of fire
 50523 | Zot:5    | Noticed an orb of fire
 50525 | Zot:5    | Gained mutation: Your magical capacity is low. (-10% MP)
                  | [an orb of fire]
 50535 | Zot:5    | Gained mutation: You are weak. (Str -2) [an orb of fire]
 50537 | Zot:5    | Killed an orb of fire
 50781 | Zot:5    | Got a prismatic gem with 98 turns to spare
 50814 | Zot:5    | Gained mutation: You occasionally shout uncontrollably at
                  | your foes. [an orb of fire]
 50816 | Zot:5    | Killed an orb of fire
 50842 | Zot:5    | Noticed an orb of fire
 50882 | Zot:5    | Gained mutation: Your magical capacity is very low. (-20%
                  | MP) [an orb of fire]
 50884 | Zot:5    | Gained mutation: Armour fits poorly on your strangely
                  | shaped body. [an orb of fire]
 50891 | Zot:5    | Killed an orb of fire
 50912 | Zot:5    | Noticed a dread lich
 50916 | Zot:5    | Noticed a dread lich
 50925 | Zot:5    | Killed a dread lich
 50926 | Zot:5    | Reached XP level 23. HP: 108/223 MP: 4/24
 50928 | Zot:5    | Killed a dread lich
 50973 | Zot:5    | Killed a Killer Klown
 51056 | Zot:5    | Lost mutation: Armour fits poorly on your strangely shaped
                  | body. [potion of mutation]
 51056 | Zot:5    | Lost mutation: You occasionally shout uncontrollably at
                  | your foes. [potion of mutation]
 51056 | Zot:5    | Lost mutation: You are weak. (Str -2) [potion of mutation]
 51056 | Zot:5    | Gained mutation: Your body sometimes deteriorates upon
                  | taking damage. [potion of mutation]
 51056 | Zot:5    | Gained mutation: You have hidden genetic potential. [potion
                  | of mutation]
 51057 | Zot:5    | Lost mutation: Your health recovers twice as slowly from
                  | being drained. [potion of mutation]
 51057 | Zot:5    | Lost mutation: You have hidden genetic potential. [potion
                  | of mutation]
 51057 | Zot:5    | Gained mutation: You are weak. (Str -2) [potion of
                  | mutation]
 51057 | Zot:5    | Lost mutation: Your flesh is cold resistant. (rC+) [potion
                  | of mutation]
 51058 | Zot:5    | Lost mutation: Your body sometimes deteriorates upon taking
                  | damage. [potion of mutation]
 51058 | Zot:5    | Lost mutation: Your magical capacity is very low. (-20% MP)
                  | [potion of mutation]
 51058 | Zot:5    | Lost mutation: Your magical capacity is low. (-10% MP)
                  | [potion of mutation]
 51058 | Zot:5    | Gained mutation: Your spells are a little harder to cast,
                  | but a little more powerful. [potion of mutation]
 51058 | Zot:5    | Lost mutation: You are weak. (Str -2) [potion of mutation]
 51058 | Zot:5    | Gained mutation: Your system is resistant to poisons.
                  | (rPois) [potion of mutation]
 51182 | Zot:5    | Noticed an ancient lich
 51183 | Zot:5    | Noticed an ancient lich
 51183 | Zot:5    | Noticed a Killer Klown
 51192 | Zot:5    | Killed an ancient lich
 51203 | Zot:5    | Killed an ancient lich
 51205 | Zot:5    | Killed a Killer Klown
 51211 | Zot:5    | Killed a Killer Klown
 51242 | Zot:5    | Killed a Killer Klown
 51405 | Zot:5    | Killed an ancient lich
 51734 | Zot:5    | Reached skill level 23 in Fighting
 51803 | Zot:5    | Got the Orb of Zot
 51948 | Zot:3    | Noticed an orb of fire
 52182 | Depths:1 | Noticed Nezyonir the pandemonium lord
 52305 | D:10     | Noticed Rauvvow the pandemonium lord
 52547 | D:$      | Escaped with the Orb!

Illustrated notes

Levels and vault maps discovered:
D:1:      lightli_arrival_isolated_outpost, layout_basic
D:2:      layout_basic, shapermc_ecumenical_altar_petra, minmay_tall_x,
          uniq_crazy_yiuf_cottage
D:3:      layout_loops_ring, serial_shops, nicolae_shop_pleasant_corner_grove,
          minmay_fountain_box, minmay_misc_feat_more_columns, uniq_sigmund
D:4:      layout_rooms, uniq_duvessa
D:5:      layout_basic, nicolae_tso_carved_into_rock, okawaru_trees_2,
          lightli_temple_of_fire, hangedman_minor_gate_pass
D:6:      layout_basic, minmay_temple_entry_drinking_statues,
          ebering_ghost_gozag, uniq_maggie
D:7:      layout_basic, vehumet_altar_wand_db, kennysheep_little_box,
          serial_bayou, serial_bayou_pond_c, serial_bayou_crossing,
          serial_bayou_pond_d, serial_bayou_ford_a, serial_bayou_pond_d,
          uniq_menkaure, uniq_joseph
D:8:      layout_cave_pools, grunt_lair_entry_orc_guard_hut, uniq_erica
D:9:      minmay_gate_of_8, layout_irregular_city, jmf_multi_god_temple,
          hiddenorc2_lemuel, ebering_ghost_xom, enter_bailey_8
D:10:     minmay_the_grid_triangle_9x9_rhombus_thin
          [minmay_the_grid_triangle_9x9_longest,
          minmay_the_grid_triangle_9x9_prize_special,
          minmay_the_grid_triangle_9x9_pentomino_pain,
          minmay_the_grid_triangle_9x9_from_above], layout_basic
D:11:     layout_basic, abandoned_shop
D:12:     layout_irregular_city, nicolae_elyvilon_peaceful_grove, uniq_snorg
D:13:     layout_cave_pools, uniq_urug
D:14:     layout_cave_pools, skrybe_vaults_entry_preservation,
          kennysheep_nondescript, uniq_jorgrun
D:15:     grunt_enter_depths_snipers, layout_layer_cave,
          serial_library_regret_index_multi, minmay_circle_x
Lair:1:   layout_loops_ring, cheibrodos_lair_reptile_den, grunt_megastairs_1,
          uniq_sonja
Lair:2:   regret_index_tunnel_blossom, layout_layer_cave, spider_nest_entry_a,
          pdpol_lair_neglected_garden, uniq_nergalle
Lair:3:   layout_layer_cave, mainiacjoe_swamp_entry_angry_trees,
          portal_ice_cave_entry_imps, evilmike_ambush
          [evilmike_ambush_outer_corners, evilmike_ambush_inner_wall_1],
          uniq_nessos
Lair:4:   layout_cave_pods, slime_entry_1, gauntlet_entry_generic
Lair:5:   minmay_lair_end_frog_pond, layout_regular_city
Swamp:1:  nicolae_swamp_standing_stones, layout_basic_swamp,
          evilmike_swamp_ruin_house_6
Swamp:2:  layout_basic_swamp, evilmike_swamp_ruin_rubble_1, swamp_pool_3,
          hangedman_swamp_phenomena, uniq_mlioglotl
Swamp:3:  layout_basic_swamp, ebering_ghost_funeral_grove,
          nicolae_swamp_small_spring
Swamp:4:  swamp_pestilence, layout_basic_swamp, nicolae_swamp_tree_isthmus
Spider:1: layout_spider_delve
Spider:2: layout_cave_pods, uniq_agnes
Spider:3: layout_spider_delve
Spider:4: hellmonk_spider_rune_bug_friends, drop_trap
Orc:1:    layout_caves, enter_volcano_4
Orc:2:    pf_orc_diabolical, layout_caves, serial_shops, shop,
          nicolae_orc_bridge_out, blackcustard_mines_bat_river
Elf:1:    nicolae_elf_arrival_fired_up, layout_gridlike, serial_shops,
          nicolae_shop_tiny_statue_garden, hangedman_elf_disciples,
          minmay_checkered_concentric_circles, uniq_louise
Vaults:1: vaults_room_grunt_arrival_checkpoint, hangedman_vaults_locks,
          nicolae_vaults_three_branches, nicolae_vaults_alarming, v_pattern_5,
          v_alt_pattern_6, nicolae_vaults_enemy_cabinets,
          layout_vaults_quadrants, serial_shops, shop,
          nicolae_shop_temple_entry_statues_fountains, shop
Vaults:2: minmay_crypt_entry_simple_box, nicolae_vaults_storage_room_water,
          ontoclasm_vaults_shout, v_pattern_3, nicolae_vaults_diamond_2,
          vaults_room_door_hall, ontoclasm_vaults_decontamination,
          layout_vaults_big_room, serial_shops, shop, uniq_sojobo, uniq_norris,
          uniq_boris
Vaults:3: nicolae_vaults_trapezoid_layered, hangedman_vaults_corner_blocks,
          nicolae_vaults_asterisk, nicolae_vaults_closet_pinwheel_5,
          hangedman_vaults_cutoff, nicolae_vaults_frosty_reception,
          v_alt_pattern_5, hangedman_vaults_maws, vaults_mumra_hex,
          nicolae_vaults_offset_grid_hallway_1, ontoclasm_vaults_pinch,
          hangedman_vaults_corner_blocks, layout_vaults_maze_bifur,
          serial_shops, shop
Vaults:4: hellmonk_ghost_happy_afterlife, nicolae_vaults_stepped_doors,
          v_misc_28, nicolae_vaults_mini_display_case,
          hangedman_vaults_corner_blocks, nicolae_vaults_wrenched,
          grunt_vaults_swirl, hangedman_vaults_river_flow,
          nicolae_vaults_tetromino_Z_1, layout_vaults_omnicross, serial_shops,
          nicolae_shop_tiny_real_fake_doors
Vaults:5
Crypt:1:  layout_chaotic_city, ebering_ghost_reflecting_pool, hex_medium,
          nicolae_nh_vlads_tower, grunt_crypt_arrival_webbed
Depths:1: layout_gridlike, enter_ziggurat_b, minmay_room_of_horrors,
          serial_corexii_hall, chequers_hall_statues_corner_a,
          corexii_hall_statues_t, corexii_hall_statues_u,
          corexii_hall_statues_s, nicolae_uskayaw_suspiria, hell_entry,
          zin_statuary, minmay_shop_grove, uniq_nikola
Depths:2: dreamdust_tengu_aerie, layout_basic, pan_entry,
          nicolae_abyss_entry_one_way_or_another, grunt_hell_entry_dis_grunt
Depths:3: minmay_box_of_curves, layout_gridlike, rand_demon_pan_entry_8,
          hangedman_abyss_entry_splay, nicolae_qazlal_general_emergency,
          pf_hell_entry_tar_spiral
Depths:4: evilmike_zot_entry_diamond, layout_cave_pools, hell_entry,
          serial_sigils_hangedman_gnaw, tgw_lugonu_bribe
Zot:1:    grunt_deathspiral_small, layout_concentric_octagons,
          skrybe_zot_glass_2
Zot:2:    layout_onion, regret_index_zotdec_under_construction,
          hangedman_elemental_corridor, grunt_megastairs_3
Zot:3:    kennysheep_ambush_hall, layout_onion, regret_index_zotdec_zees,
          tekkud_shop_of_orbs
Zot:4:    layout_misc_corridors, uniq_vv
Zot:5:    layout_basic, drop_trap

Skill      XL: |  1  2  3  4  5  6  7  8  9 10 11 12 13 14 15 16 17 18 19 20 21 22 23 |
---------------+----------------------------------------------------------------------+-----
Fighting       | 4 5 6 9 11 12 14 15 17 18 19 21 22 23 | 23.3
Polearms       | 4 5 7 8 10 13 16 | 16.0
Dodging        | 4 6 8 10 11 12 13 15 16 17 18 19 21 22 | 22.0
Armour         | 1 4 7 9 11 12 14 15 17 18 19 21 22 | 22.0
Throwing       | 1 4 6 7 11 12 | 12.0
Invocations    | 1 4 6 7 11 12 14 | 14.0
Shields        | 1 6 11 12 14 15 17 18 19 21 22 | 22.0

Action                     |  1- 3 |  4- 6 |  7- 9 | 10-12 | 13-15 | 16-18 | 19-21 | 22-24 || total
---------------------------+-------+-------+-------+-------+-------+-------+-------+-------++-------
  Melee: Spear             |   106 |    60 |       |       |       |       |       |       ||   166
         Headbutt          |    26 |    35 |    45 |   118 |   332 |   449 |   546 |   287 ||  1838
         Halberd           |       |    92 |   190 |   250 |       |       |       |       ||   532
         Trident           |       |       |     8 |   294 |  1337 |  1339 |   648 |       ||  3626
         Trishula          |       |       |       |       |       |       |  1068 |   744 ||  1812
  Throw: Boomerang         |       |       |       |    12 |    43 |   143 |    23 |    11 ||   232
         Javelin           |       |       |       |       |     6 |       |       |     9 ||    15
 Invoke: Divine Shield     |       |       |     3 |     8 |    18 |    29 |    30 |     9 ||    97
         Summon Divine War |       |       |       |       |       |     7 |     5 |     6 ||    18
         Cleansing Flame   |       |       |       |       |       |    11 |     1 |     3 ||    15
         Brand Weapon With |       |       |       |       |       |       |     1 |       ||     1
  Evoke: Wand              |       |       |       |     3 |     2 |       |       |    19 ||    24
         Phantom mirror    |       |       |       |       |       |       |     2 |     2 ||     4
         Condenser vane    |       |       |       |       |       |       |     1 |       ||     1
         Sack of spiders   |       |       |       |       |       |       |       |     1 ||     1
    Use: Scroll            |       |     6 |       |    16 |    15 |     6 |    28 |    15 ||    86
         Potion            |       |     1 |     5 |       |     6 |     6 |     2 |    17 ||    37
 Armour: Robe              |    14 |       |       |       |       |       |       |       ||    14
         Chain mail        |    24 |    99 |   139 |    43 |   191 |   557 |       |       ||  1053
         Leather armour    |     2 |       |       |       |       |       |       |       ||     2
         Ring mail         |       |       |       |   140 |   245 |       |       |       ||   385
         Plate armour      |       |       |       |       |       |   169 |   370 |       ||   539
         Gold dragon scale |       |       |       |       |       |       |    97 |   349 ||   446
  Dodge: Dodged            |    40 |    51 |   112 |   122 |   327 |   472 |   313 |   161 ||  1598
  Block: Other             |       |       |     8 |    18 |       |       |       |       ||    26
         Kite shield       |       |       |       |   101 |   407 |  1144 |  1398 |   615 ||  3665
         Buckler           |       |       |       |       |   325 |   117 |       |       ||   442
         Reflection        |       |       |       |       |    37 |    23 |    98 |    15 ||   173
